 Dungeon Crawl Stone Soup version 0.28.0-53-g5a82cb258f (webtiles) character file.

Game seed: 15147412954942415106

4369 Stomo the Storyteller (level 10, -12/75 HPs)
             Began as a Red Draconian Fighter on June 22, 2022.
             Was a Believer of Hepliaklqana.
             Mangled by an orc warrior
             ... wielding a +0 mace
              (18 damage)
             ... on level 8 of the Dungeon.
             The game lasted 00:22:10 (11383 turns).

Stomo the Storyteller (Red Draconian Fighter)      Turns: 11383, Time: 00:22:11

Health: -12/75     AC:  8    Str: 23    XL:     10   Next: 13%
Magic:  17/17      EV: 14    Int:  8    God:    Hepliaklqana [**....]
Gold:   312        SH:  0    Dex: 11    Spells: 9/9 levels left

rFire   + . .      SeeInvis .   E - +0 whip (elec)
rCold   . . .      Faith    .   (no shield)
rNeg    . . .      Spirit   .   (armour unavailable)
rPois   .          Reflect  .   (helmet restricted)
rElec   .          Harm     .   (no cloak)
rCorr   .          Rampage  .   q - +0 pair of gloves
Will    .....                   (no boots)
Stlth   +.........              (no amulet)
HPRegen 0.22/turn               (no ring)
MPRegen 0.15/turn               (no ring)

@: silenced, slowed, very slow
A: reduced essence, breathe fire, AC +7, unfitting armour, fire resistance 1,
cold-blooded
a: Breathe Fire, Renounce Religion


You were on level 8 of the Dungeon.
You worshipped Hepliaklqana.
Hepliaklqana was pleased with you.
You visited 2 branches of the dungeon, and saw 9 of its levels.

You collected 312 gold pieces.

Inventory:

Hand Weapons
 a - a +0 flail
 e - a +0 whip
 g - a +0 mace of protection
 E - a +0 whip of electrocution (weapon)
Armour
 q - a +0 pair of gloves (worn)
Jewellery
 k - an amulet of faith
Wands
 d - a wand of digging (1)
 B - a wand of polymorph (13)
 D - a wand of mindburst (4)
Scrolls
 i - 2 scrolls of immolation
 l - 5 scrolls of fog {unknown}
 n - a scroll of vulnerability {unknown}
 r - 2 scrolls of enchant weapon {unknown}
 s - a scroll of enchant armour {unknown}
 u - a scroll of fear {unknown}
 x - 3 scrolls of identify
 y - a scroll of brand weapon {unknown}
 z - 2 scrolls of teleportation {unknown}
 C - a scroll of noise {unknown}
Potions
 b - a potion of berserk rage
 c - 4 potions of might
 f - 2 potions of resistance {unknown}
 h - 3 potions of degeneration
 j - 2 potions of curing {unknown}
 m - a potion of lignification {unknown}
 o - 3 potions of flight {unknown}
 t - a potion of attraction {unknown}
 v - a potion of mutation {unknown}
 w - a potion of magic {unknown}
 A - 2 potions of brilliance {unknown}


   Skills:
 + Level 6.6 Fighting
 + Level 7.6 Maces & Flails
 + Level 6.4 Dodging
 - Level 3.1 Stealth
 - Level 3.0 Shields
 - Level 10.0 Invocations


You had 9 spell levels left.
You didn't know any spells.
Your spell library contained the following spells:

 Spells                   Type           Power      Damage    Failure   Level
 Beastly Appendage        Tmut           0%         N/A       41%         1
 Sandblast                Erth           0%         2d4       41%         1
 Sting                    Tmut/Pois      0%         1d3       41%         1
 Ensorcelled Hibernation  Hex/Ice        0%         N/A       54%         2
 Passwall                 Tmut/Erth      0%         N/A       54%         2
 Poisonous Vapours        Pois/Air       0%         N/A       54%         2
 Scorch                   Fire           0%         2d5       54%         2
 Conjure Flame            Conj/Fire      0%         6-21      78%         3
 Frozen Ramparts          Ice            0%         1d2       78%         3
 Ignite Poison            Fire/Tmut/Pois 0%         N/A       78%         3
 Stone Arrow              Conj/Erth      0%         3d7       78%         3
 Swiftness                Air            0%         N/A       78%         3
 Flame Wave               Conj/Fire      0%         2d4       99%         4
 Ice Form                 Ice/Tmut       0%         N/A       99%         4
 Olgreb's Toxic Radiance  Pois           0%         N/A       99%         4
 Petrify                  Tmut/Erth      0%         N/A       99%         4
 Sticky Flame             Conj/Fire      0%         2d3       99%         4
 Summon Ice Beast         Ice/Summ       0%         N/A       99%         4
 Death Channel            Necr           0%         N/A       100%        6
 Summon Cactus Giant      Summ           0%         N/A       100%        6
 Borgnjor's Revivificati  Necr           0%         N/A       100%        8


Dungeon Overview and Level Annotations

Branches:
Dungeon (8/15)             Temple (1/1) D:6
   Lair: D:8-11

Altars:
Ashenzari
Cheibriados
Dithmenos
Elyvilon
Fedhas
Hepliaklqana
Kikubaaqudgha
Nemelex Xobeh
Ru
Sif Muna
Trog
Uskayaw
Vehumet
Wu Jian
Xom
Yredelemnul
Zin
Beogh
Ignis

Shops:
D:6 ![

Annotations:
D:3 3 runed translucent doors, Sin92's ghost, amateur DsFi
D:6 3 runed translucent doors, PyroL's ghost, novice MiBe
D:7 2 transporters, Valamore's ghost, novice GrFi


Innate Abilities, Weirdness & Mutations

Your life essence is reduced to manifest your ancestor. (-10% HP)
You can breathe blasts of fire.
Your fiery red scales are hard. (AC +7)
You cannot fit into any form of body armour.
Your flesh is heat resistant. (rF+)
You are cold-blooded and may be slowed by cold attacks.


Message History

The centaur kicks Moltos but does no damage.
Moltos barely misses the centaur.
The centaur zombie completely misses you.
The centaur zombie misses you.
The orc warrior throws a curare-tipped dart.
The curare-tipped dart barely misses you.
As you read the scroll labelled GOCWOENUFU, it crumbles to dust.
A profound silence engulfs you.
It was a scroll of silence.
You feel sick.
You are no longer poisoned.
The centaur barely misses Moltos.
The centaur kicks Moltos but does no damage.
Moltos hits the centaur with a +0 flail!
The centaur dies!
The centaur zombie hits you but does no damage.
The centaur zombie kicks you but does no damage.
Moltos barely misses the troll.
The centaur zombie closely misses you.
The centaur zombie kicks you but does no damage.
You feel your strength returning.
Magic scrolls do not work when you're silenced!
Unknown command.
You hit the centaur zombie.
Lightning courses through the centaur zombie!
You destroy the centaur zombie!
The troll barely misses you. The troll claws you! The troll misses you.
Moltos closely misses the troll.
You closely miss the orc priest. You tail-slap the orc priest.
The orc priest is lightly wounded.
The troll bites you but does no damage. The troll barely misses you.
The troll misses you.
Moltos hits the troll with a +0 flail!!
The troll misses you. The troll claws you.
* * * LOW HITPOINT WARNING * * *
The troll claws you!
* * * LOW HITPOINT WARNING * * *
You hit the orc warrior but do no damage.
You punch the orc warrior, but do no damage.
Moltos hits the troll with a +0 flail!
The troll bites you!
* * * LOW HITPOINT WARNING * * *
The troll completely misses you. The troll claws you but does no damage.
The orc warrior hits you with a +0 mace!!
You die...

.. .......... ##. ...
........##...
......#............
.......#..#.........
..................#.
#............).....
#.........oR..c..#
..#####.......oT#...T
#....#........#@# .
.....[........###
..#...........##
#.##.......#.##
#........)####
..........#
.........##
..........#
..........#


You could see the friendly Moltos the knight, a troll (ally target), an orc
warrior and an orc priest.

Vanquished Creatures
  Pikel (D:8)
  2 centaur zombies
  A troll (D:7)
  Eustachio (D:5)
  A steam dragon (D:6)
  A sky beast (D:6)
  An ice beast (D:7)
  3 necrophages
  3 phantoms
  A centaur (D:5)
  A scorpion (D:5)
  2 wyvern skeletons
  4 water moccasin skeletons
  A killer bee (D:8)
  3 jellies
  2 orc priests
  A bullfrog skeleton (D:6)
  3 hounds
  Jessica (D:2)
  5 iguanas
  4 orc wizards
  A scorpion zombie (D:5)
  2 hound skeletons (D:4)
  8 gnolls
  3 adders
  A river rat (D:6)
  A shadow imp (D:6)
  3 white imps
  4 worms
  3 dart slugs
  17 orcs
  5 ball pythons
  10 endoplasms
  5 giant cockroaches
  6 hobgoblins
  3 quokkas
  9 bats
  4 frilled lizards
  8 goblins
  8 kobolds
  4 rats
147 creatures vanquished.

Vanquished Creatures (collateral kills)
  Erica (D:8)
  A necrophage (D:7)
  An orc warrior (D:7)
  2 centaurs
  2 killer bees (D:8)
  A jelly (D:7)
  A gnoll shaman (D:7)
  2 orc wizards (D:7)
  An orc (D:7)
12 creatures vanquished.

Vanquished Creatures (others)
  5 ancestors
  2 orcs
  9 plants (Temple)
16 creatures vanquished.

Grand Total: 175 creatures vanquished

Notes
Turn   | Place    | Note
-------+----------+-------------------------------------------
     0 | D:1      | Stomo the Draconian Fighter began the quest for the Orb.
     0 | D:1      | Reached XP level 1. HP: 19/19 MP: 1/1
   189 | D:1      | Reached XP level 2. HP: 3/27 MP: 2/2
   730 | D:1      | Reached XP level 3. HP: 26/33 MP: 3/3
  1723 | D:2      | Reached XP level 4. HP: 27/40 MP: 4/4
  2366 | D:2      | Noticed Jessica
  2374 | D:2      | Killed Jessica
  2610 | D:3      | Found a faded altar of an unknown god.
  3363 | D:3      | Found a runed translucent gate.
  3364 | D:3      | Found a runed translucent gate.
  3365 | D:3      | Found a runed translucent gate.
  3366 | D:3      | Noticed Sin92's ghost (amateur DsFi)
  3647 | D:4      | Reached XP level 5. HP: 31/46 MP: 5/5
  3766 | D:4      | Reached skill level 1 in Stealth
  3799 | D:4      | Noticed a phantom
  3831 | D:4      | Killed a phantom
  3832 | D:4      | Reached XP level 6. HP: 9/53 MP: 6/6
  4180 | D:4      | Got the Compendium of Shifting Evil Magic
  4283 | D:4      | Reached skill level 5 in Maces & Flails
  4395 | D:4      | Found a snail-covered altar of Cheibriados.
  4608 | D:4      | Found a hazy altar of Hepliaklqana.
  4661 | D:4      | Found an ornate altar of the Wu Jian Council.
  4735 | D:4      | Became a worshipper of Hepliaklqana the Forgotten
  4751 | D:5      | Entered Level 5 of the Dungeon
  4822 | D:5      | Your scales start taking on a fiery red colour.
  4822 | D:5      | Reached XP level 7. HP: 54/60 MP: 7/7
  4822 | D:5      | Gained mutation: Your flesh is heat resistant. (rF+) [Red
                  | Draconian growth]
  4824 | D:5      | Reached skill level 5 in Fighting
  5301 | D:5      | Noticed Eustachio
  6021 | D:5      | Killed Eustachio
  6022 | D:5      | Reached skill level 5 in Dodging
  6022 | D:5      | Reached XP level 8. HP: 55/69 MP: 8/8
  6169 | D:5      | Found a shimmering blue altar of Sif Muna.
  6467 | D:6      | Found a staircase to the Ecumenical Temple.
  6477 | Temple   | Entered the Ecumenical Temple
  6690 | D:6      | Found a runed translucent gate.
  6690 | D:6      | Found a runed translucent gate.
  6690 | D:6      | Found a runed translucent gate.
  6698 | D:6      | Noticed PyroL's ghost (novice MiBe)
  6722 | D:6      | Found a broken altar of Ashenzari.
  7036 | D:6      | Found Roja's Distillery.
  7645 | D:6      | Found Mileuwoh's Armour Shop.
  7734 | D:6      | Reached skill level 1 in Invocations
  7852 | D:6      | Reached skill level 4 in Invocations
  7852 | D:6      | Reached XP level 9. HP: 66/78 MP: 9/12
  7905 | D:6      | Reached * piety under Hepliaklqana
  8150 | D:7      | Noticed a troll
  8336 | D:7      | Reached skill level 5 in Invocations
  8580 | D:7      | Reached skill level 6 in Invocations
  9082 | D:7      | Noticed Valamore's ghost (novice GrFi)
  9102 | D:7      | Killed a troll
  9103 | D:7      | Reached skill level 7 in Invocations
  9308 | D:7      | Found a transporter.
  9636 | D:7      | Found a transporter.
 10362 | D:8      | Noticed Erica
 10376 | D:8      | Killed Erica
 10377 | D:8      | Reached skill level 9 in Invocations
 10381 | D:8      | HP: 3/70 [poisoned by Erica (bolt of poison)]
 10724 | D:8      | Noticed Pikel
 10739 | D:8      | Killed Pikel
 10740 | D:8      | Reached skill level 10 in Invocations
 10740 | D:8      | Reached XP level 10. HP: 21/75 MP: 17/17
 11347 | D:8      | Reached ** piety under Hepliaklqana
 11348 | D:8      | Remembered your ancestor Moltos as a knight
 11383 | D:8      | Mangled by an orc warrior

Illustrated notes

Levels and vault maps discovered:
D:1:      wander_arrival_estate, layout_rooms, corexii_hall_statues_deadend,
          amcnicky_mini_pool_small
D:2:      layout_basic, minmay_small_reverse_x, uniq_jessica
D:3:      minmay_angry_zag, layout_loops_corners, biasface_ghost_orc_armoury,
          shapermc_ecumenical_altar_gd, kennysheep_boxes
D:4:      layout_cave_pools, mainiacjoe_overflow_surrounded_room,
          nicolae_wu_jian_glorious_leap, slow_altar_2, serial_glass,
          glass_columns_b, glass_columns_c, glass_columns_a, glass_columns_b,
          glass_columns_c
D:5:      layout_cave_pods, kennysheep_little_box,
          chequers_serial_rivers_small_b, uniq_eustachio
D:6:      layout_rooms, ashenzari_altar_1, minmay_temple_entry_trees,
          ebering_ghost_rock_garden, cheibrodos_sewer_entry_sluice,
          serial_shops, kennysheep_mini_moat, shop
D:7:      layout_basic, gammafunk_ghost_stat_death
D:8:      layout_cave_pools, grunt_gozag_statues, makhleb_grotto_becter,
          uniq_erica, uniq_pikel
Temple:   ebering_untended_altars

Skill      XL: |  1  2  3  4  5  6  7  8  9 |
---------------+----------------------------+-----
Dodging        | 3 4 5 6 |  6.4
Fighting       | 4 5 6 |  6.6
Maces & Flails | 3 4 5 6 7 |  7.6
Stealth        | 1 2 3 |  3.1
Invocations    | 4 10 | 10.0
Shields        | |  3.0

Action                   |  1- 3 |  4- 6 |  7- 9 | 10-12 || total
-------------------------+-------+-------+-------+-------++-------
Melee: Flail             |    12 |       |       |       ||    12
       Mace              |   105 |   162 |   463 |       ||   730
       Whip              |     9 |       |       |    18 ||    27
       Tailslap          |    10 |    24 |    54 |     4 ||    92
       Punch             |     1 |       |     9 |     1 ||    11
Invok: Recall Ancestor   |       |       |     8 |     1 ||     9
       Ancestor Identity |       |       |     4 |     1 ||     5
       Ancestor Life: Kn |       |       |       |     1 ||     1
 Abil: Breathe Fire      |       |       |    37 |       ||    37
  Use: Scroll            |       |     3 |       |     1 ||     4
       Potion            |       |       |     1 |       ||     1
 Stab: Sleeping          |       |     4 |     2 |       ||     6
       Distracted        |       |       |     1 |     1 ||     2
Armor: Skin              |    53 |    57 |   236 |    15 ||   361
Dodge: Dodged            |   120 |   101 |   394 |    41 ||   656
